 Dungeon Crawl Stone Soup version 0.31-a0-164-g2312942fda (webtiles) character file.

Game seed: 3327660390713861331

18 qw the Shooter (level 2, -2/17 HPs)
             Began as a Gargoyle Hunter on June 13, 2023.
             Slain by Terence
             ... wielding a +0 hand axe
              (4 damage)
             ... on level 2 of the Dungeon.
             The game lasted 00:00:16 (875 turns).

qw the Shooter (Gargoyle Hunter)                     Turns: 875, Time: 00:00:17

Health: -2/17      AC:  7    Str: 14    XL:     2   Next: 70%
Magic:  2/2        EV: 16    Int:  9    God:
Gold:   22         SH:  0    Dex: 13    Spells: 1/1 levels left

rFire   . . .        Y - +0 shortbow
rCold   . . .        (shield currently unavailable)
rNeg    + . .        c - +0 leather armour
rPois   inf          (no helmet)
rElec   +            (no cloak)
rCorr   .            i - +1 pair of gloves
SInv    .            (no boots)
Will    .....        (no amulet)
Stlth   +            h - +5 ring of evasion
HPRegen 0.22/turn    (no ring)
MPRegen 0.08/turn

%: no passive effects
@: no status effects
A: sickness immunity, AC +2, negative energy resistance 1, electricity
resistance, torment resistance 1, petrification resistance
a: no special abilities


You were on level 2 of the Dungeon.
You visited 1 branch of the dungeon, and saw 2 of its levels.

You collected 22 gold pieces.


Innate Abilities, Weirdness & Mutations

You are immune to sickness and miasma.
Your stone body is resilient. (AC +2)
You are immune to poison.
You resist negative energy. (rN+)
You are resistant to electric shocks. (rElec)
You are resistant to unholy torment.
You are immune to petrification.


   Skills:
 - Level 2.1 Fighting
 + Level 4.7 Ranged Weapons
 - Level 1.5 Dodging
 - Level 1.1 Stealth


You had one spell level left.
You didn't know any spells.
Your spell library was empty.

Inventory:

Hand Weapons
 Y - a +0 shortbow (weapon)
Armour
 c - a +0 leather armour (worn)
 i - a +1 pair of gloves (worn)
Jewellery
 h - a +5 ring of evasion (left hand)
Potions
 g - a potion of lignification

Dungeon Overview and Level Annotations

Branches:
Dungeon (2/15)

Altars:

Annotations:
D:2 Terence


Message History

The arrow hits Terence but does no damage.
Terence is lightly wounded.
A rat comes into view.
Terence hits you but does no damage.
The goblin hits you with a +1 dagger of protection.
A quokka comes into view.
Terence hits you but does no damage. The goblin barely misses you.
You shoot an arrow. The arrow hits Terence!
Terence is heavily wounded.
Terence misses you.
The goblin hits you with a +1 dagger of protection.
You shoot an arrow. The arrow barely misses Terence.
Terence hits you with a +0 hand axe. The goblin barely misses you.
You shoot an arrow.
The arrow hits Terence but does no damage.
Terence is heavily wounded.
Terence bares his teeth.
Terence hits you but does no damage. The goblin hits you but does no damage.
You shoot an arrow. The arrow barely misses Terence.
The arrow hits the rat.
You kill the rat!
The goblin closely misses you. Terence completely misses you.
The goblin barely misses you. Terence closely misses you.
You shoot an arrow. The arrow barely misses Terence.
The goblin closely misses you. Terence hits you but does no damage.
You shoot an arrow. The arrow hits Terence.
Terence is severely wounded.
The quokka closely misses you. The goblin completely misses you.
Terence barely misses you. The quokka barely misses you.
You shoot an arrow. The arrow barely misses Terence.
The quokka bites you but does no damage.
The goblin barely misses you. Terence closely misses you.
You shoot an arrow. The arrow closely misses Terence.
The quokka bites you. The goblin barely misses you. Terence barely misses you.
The quokka bites you but does no damage.
The goblin misses you. Terence hits you with a +0 hand axe.
You shoot an arrow. The arrow hits Terence.
Terence is severely wounded.
The quokka bites you but does no damage.
The goblin hits you but does no damage. Terence hits you with a +0 hand axe.
You die...

......#.>.
#......... ..
#......... ....
#.........
....###....%....
#....#.........
#.#...g@......
#....r@# .#
#.#....##..##.
#.#...........
#.....###..#..
####..##.# ##
###....###.#
#...##........
#.##.......###
##.#........#


You could see Terence, a quokka and a goblin.

Vanquished Creatures
  3 endoplasms (D:1)
  A giant cockroach (D:1)
  2 goblins (D:1)
  A hobgoblin (D:1)
  A ball python (D:1)
  3 bats (D:1)
  3 frilled lizards (D:1)
  A kobold (D:1)
  6 rats
21 creatures vanquished.

Notes
Turn   | Place    | Note
-------+----------+-------------------------------------------
     0 | D:1      | qw the Gargoyle Hunter began the quest for the Orb.
     0 | D:1      | Reached XP level 1. HP: 12/12 MP: 1/1
     0 | D:1      | 0 ||| qw: Version: 0.2-a-29-gc1b59c4
     0 | D:1      | 0 ||| qw: Game counter: 4503
     0 | D:1      | 0 ||| qw: Always use a shield: true
     0 | D:1      | 0 ||| qw: God list: Okawaru
     0 | D:1      | 0 ||| qw: Allow faded altars: false
     0 | D:1      | 0 ||| qw: Do Orc after D:15 true
     0 | D:1      | 0 ||| qw: Do second Lair branch before Depths: true
     0 | D:1      | 0 ||| qw: Lair rune preference: random
     0 | D:1      | 0 ||| qw: Plans: Normal, Zot:1-4, Slime:5, God:TSO, Crypt,
                  | Tomb, Abyss, Pan, Hells, Win
     0 | D:1      | 0 ||| PLANNING D:1-11
   140 | D:1      | Reached XP level 2. HP: 17/17 MP: 2/2
   736 | D:1      | 736 ||| UPGRADING to +1 pair of gloves.
   741 | D:1      | 741 ||| UPGRADING to +5 ring of evasion.
   742 | D:1      | 742 ||| READING scroll labelled SALYTI LELOTT.
   743 | D:1      | 743 ||| READING 2 scrolls labelled DUOB UNIT BOJ.
   744 | D:1      | 744 ||| READING 2 scrolls labelled GICE QUESALAJ.
   745 | D:1      | 745 ||| DRINKING 2 murky puce potions.
   772 | D:1      | 772 ||| DROPPING scroll of butterflies.
   773 | D:1      | 773 ||| DROPPING scroll of fog.
   774 | D:1      | 774 ||| DROPPING scroll of blinking.
   854 | D:2      | Noticed Terence
   874 | D:2      | HP: 4/17 [quokka (3)]
   875 | D:2      | Slain by Terence

Levels and vault maps discovered:
D:1:      kennysheep_arrival_seaside, layout_loops_ring, nrook_campfire,
          chequers_serial_rivers_large_b
D:2:      layout_rooms, uniq_terence

Action                     || total
---------------------------++-------
   Fire: Shortbow          ||    63
    Use: Scroll            ||     3
         Potion            ||     1
 Armour: Leather armour    ||    14
  Dodge: Dodged            ||    26

Table legend:
 A = Non-vault XP
 B = Vault XP
 C = Vault XP percentage of total XP
 D = Non-vault monster count
 E = Vault monster count
 F = Vault count percentage of total count
                 A         B        C        D         E       F
            +---------+---------+-------+---------+---------+-------
      Total |      27 |       0 |   0.0 |      21 |       0 |   0.0
            +---------+---------+-------+---------+---------+-------
        D:1 |      26 |       0 |   0.0 |      20 |       0 |   0.0
        D:2 |       1 |       0 |   0.0 |       1 |       0 |   0.0
            +---------+---------+-------+---------+---------+-------
